Map: Jagannatha LE

Players

Cot

  • Race: Protoss Protoss
  • League: Master
  • Spawn Location: 1:00

sOggYBisCuiT - Winner!

  • Race: Protoss Protoss
  • League: Diamond
  • Spawn Location: 7:00

VOD

Have the link to the VOD?

Description

kjsc2

Time

  • Played on: Dec. 6, 2020, 9:18 p.m.
  • Length: 14:05
Show
View Real Time Build Order
Export as new Build Order

Cot Protoss 

Build Orders:  

Get SALT Encoding   

  12  0:00  Probe  
  13  0:12  Probe  
  14  0:18  Pylon  
  14  0:24  Probe (Chrono Boost)  
  15  0:36  Probe (Chrono Boost)  
  15  0:40  Gateway  
  16  0:45  Probe (Chrono Boost)  
  16  0:49  Assimilator  
  17  0:51  Probe  
  18  1:03  Probe (Chrono Boost)  
  19  1:06  Gateway  
  19  1:14  Pylon  
  19  1:15  Probe (Chrono Boost)  
  20  1:19  Assimilator  
  20  1:22  Probe (Chrono Boost)  
  21  1:33  Cybernetics Core  
  21  1:36  Probe  
  22  1:48  Probe  
  23  2:09  Stalker, Warp Gate (Chrono Boost)  
  23  2:10  Pylon  
  23  2:12  Stalker  
  27  2:33  Nexus  
  27  2:48  Probe  
  27  2:49  Shield Battery  
  28  2:55  Robotics Facility  
  28  2:59  Sentry  
  28  3:00  Probe  
  28  3:01  Sentry  
  33  3:12  Probe (Chrono Boost), Pylon  
  34  3:24  Probe (Chrono Boost)  
  35  3:27  Stalker  
  35  3:33  Probe (Chrono Boost)  
  38  3:34  Pylon  
  38  3:41  Probe (Chrono Boost)  
  39  3:45  Probe (Chrono Boost)  
  40  3:55  Probe x2 (Chrono Boost)  
  42  4:01  Immortal  
  46  4:03  Probe  
  46  4:05  Probe  
  48  4:14  Forge  
  49  4:18  Probe (Chrono Boost)  
  49  4:19  Probe (Chrono Boost)  
  50  4:28  Probe (Chrono Boost)  
  50  4:30  Probe (Chrono Boost), Assimilator  
  52  4:31  Pylon  
  52  4:34  Probe  
  53  4:40  Immortal  
  53  4:42  Probe  
  58  4:46  Probe  
  58  4:50  Protoss Ground Weapons Level 1 (Chrono Boost)  
  55  4:54  Probe  
  55  4:58  Probe  
  57  5:06  Probe  
  58  5:10  Probe  
  59  5:15  Twilight Council  
  59  5:16  Zealot  
  59  5:18  Probe  
  59  5:19  Immortal  
  66  5:22  Gateway  
  66  5:25  Gateway  
  66  5:31  Gateway  
  66  5:36  Gateway  
  66  5:41  Gateway  
  66  5:43  Sentry  
  66  5:44  Sentry  
  69  5:53  Probe x2  
  67  6:03  Warp Prism, Charge (Chrono Boost)  
  68  6:05  Probe  
  68  6:11  Zealot x2  
  71  6:17  Probe, Pylon  
  74  6:19  Probe  
  74  6:24  Pylon  
  75  6:32  Zealot  
  77  6:37  Pylon  
  77  6:38  Pylon  
  77  6:44  Pylon  
  77  6:47  Pylon  
  77  6:50  Zealot x2  
  77  6:51  Zealot  
  77  6:53  Sentry  
  79  7:01  Probe x2  
  81  7:13  Probe  
  82  7:17  Zealot x5  
  92  7:23  Zealot x2  
  96  7:37  Zealot x3  
  96  7:38  Zealot  
  96  7:41  Sentry x2  
  90  7:58  Zealot  
  90  7:59  Zealot x4  
  92  8:08  Zealot  
  92  8:09  Zealot  
  84  8:23  Zealot x5  
  72  8:35  Zealot x2  
  60  8:48  Zealot  
  60  8:49  Zealot x4  
  68  9:00  Zealot  
  68  9:01  Zealot  
  64  9:11  Stalker x3  
  64  9:14  Stalker  
  56  9:40  Stalker x4  
  56  9:41  Stalker  
  58  9:55  Nexus  
  58  10:01  Probe, Assimilator  
  58  10:02  Probe  
  60  10:08  Dark Shrine  
  60  10:16  Assimilator  
  60  10:21  Probe  
  60  10:22  Probe  
  60  10:24  Assimilator  
  60  10:26  Pylon  
  62  10:34  Stalker, Probe  
  64  10:41  Protoss Ground Weapons Level 2 (Chrono Boost)  
  67  10:59  Observer (Chrono Boost)  
  56  11:16  Immortal (Chrono Boost)  
  60  11:23  Dark Templar  
  60  11:24  Dark Templar x4  
  70  11:33  Probe x2  
  70  11:36  Archon x2  
  70  11:37  Zealot  
  74  11:46  Zealot  
  65  11:55  Photon Cannon  
  65  11:58  Photon Cannon  
  65  12:00  Probe  
  66  12:02  Probe  
  40  12:35  Probe x2  
  34  12:47  Probe (Chrono Boost), Nexus  
  31  12:58  Pylon  
  32  12:59  Probe x2 (Chrono Boost)  
  33  13:08  Probe (Chrono Boost)  
  33  13:10  Probe (Chrono Boost)  
  35  13:16  Dark Templar  
  35  13:17  Dark Templar  
  39  13:25  Probe  
  40  13:28  Probe  
  37  13:34  Dark Templar  
  30  13:42  Observer (Chrono Boost)  
  20  13:56  Stalker  
Show
View Real Time Build Order
Export as new Build Order

sOggYBisCuiT Protoss - Winner!

Build Orders: Phoenix Opening 

Get SALT Encoding   

  12  0:00  Probe  
  13  0:12  Probe  
  14  0:18  Pylon  
  14  0:25  Probe  
  15  0:38  Gateway  
  15  0:39  Probe (Chrono Boost)  
  16  0:48  Probe (Chrono Boost)  
  17  0:51  Assimilator  
  17  0:53  Probe (Chrono Boost)  
  18  1:04  Assimilator  
  18  1:05  Probe  
  19  1:17  Probe  
  20  1:19  Gateway  
  20  1:27  Cybernetics Core  
  20  1:31  Probe  
  21  1:39  Pylon  
  21  1:43  Probe  
  22  1:55  Probe  
  23  2:05  Stargate  
  23  2:07  Probe  
  24  2:19  Warp Gate  
  24  2:23  Stalker  
  24  2:24  Pylon  
  26  2:31  Stalker  
  26  2:35  Probe  
  29  2:48  Phoenix  
  31  3:08  Nexus  
  31  3:15  Pylon  
  31  3:20  Shield Battery  
  31  3:22  Probe  
  32  3:32  Phoenix  
  34  3:34  Probe  
  35  3:46  Probe  
  36  3:57  Phoenix (Chrono Boost)  
  36  3:59  Twilight Council  
  36  4:01  Probe  
  39  4:13  Probe  
  40  4:19  Phoenix (Chrono Boost)  
  40  4:23  Probe  
  43  4:25  Probe  
  43  4:26  Protoss Air Weapons Level 1  
  44  4:32  Assimilator  
  44  4:35  Probe  
  45  4:40  Robotics Facility  
  45  4:41  Probe  
  46  4:47  Probe  
  47  4:58  Phoenix  
  47  4:59  Probe x2  
  51  5:03  Assimilator  
  51  5:06  Pylon  
  51  5:11  Probe x2, Gateway  
  51  5:14  Charge  
  53  5:23  Probe x2  
  53  5:24  Zealot  
  57  5:32  Robotics Bay  
  57  5:35  Probe  
  58  5:39  Phoenix  
  60  5:45  Pylon  
  60  6:02  Zealot x2  
  64  6:05  Nexus  
  64  6:08  Pylon  
  64  6:11  Shield Battery  
  64  6:14  Observer  
  64  6:17  Phoenix  
  67  6:23  Probe  
  67  6:24  Probe  
  69  6:30  Forge  
  69  6:31  Pylon  
  69  6:34  Dark Shrine  
  69  6:36  Probe  
  69  6:37  Probe  
  71  6:43  Disruptor (Chrono Boost)  
  74  6:48  Probe  
  74  6:49  Probe  
  74  6:51  Phoenix  
  78  7:04  Probe x2  
  78  7:06  Shield Battery  
  80  7:14  Zealot x3  
  86  7:16  Probe, Disruptor (Chrono Boost)  
  86  7:18  Shield Battery, Observer  
  90  7:23  Phoenix  
  92  7:32  Protoss Ground Weapons Level 1  
  92  7:37  Gateway  
  92  7:42  Zealot x2  
  96  7:45  Disruptor  
  83  7:59  Zealot  
  80  8:06  Zealot x2  
  80  8:07  Void Ray  
  72  8:33  Zealot x4  
  79  8:36  Colossus (Chrono Boost)  
  75  8:51  Void Ray  
  60  9:07  Probe x3  
  51  9:19  Probe x2  
  51  9:23  Colossus (Chrono Boost)  
  54  9:34  Void Ray  
  54  9:41  Probe x2  
  60  9:53  Probe x2  
  62  10:02  Dark Templar  
  62  10:06  Probe  
  65  10:09  Probe  
  65  10:13  Probe  
  67  10:18  Probe  
  67  10:21  Probe  
  69  10:27  Dark Templar  
  71  10:36  Probe  
  71  10:37  Probe x2 (Chrono Boost)  
  74  10:47  Dark Templar  
  74  10:49  Probe (Chrono Boost)  
  78  10:54  Probe (Chrono Boost)  
  78  11:12  Dark Templar  
  78  11:13  Dark Templar  
  78  11:15  Void Ray  
  82  11:21  Protoss Ground Armor Level 1 (Chrono Boost)  
  84  11:27  Probe x2  
  84  11:28  Protoss Air Armor Level 1  
  84  11:30  Probe  
  87  11:39  Probe x2  
  89  11:43  Probe  
  84  11:54  Probe x2  
  86  11:55  Probe  
  86  11:57  Disruptor  
  90  12:03  Pylon  
  90  12:04  Pylon  
  90  12:06  Probe, Pylon  
  91  12:20  Dark Templar  
  81  12:34  Dark Templar x2  
  83  12:37  Observer  
  81  12:50  Archon x2  
  81  12:51  Probe x3  
  81  12:54  Void Ray  
  81  12:58  Gateway  
  81  13:00  Gateway  
  81  13:02  Gateway  
  81  13:03  Dark Templar  
  81  13:05  Gateway  
  87  13:06  Probe x2  
  87  13:09  Probe, Assimilator  
  90  13:20  Probe x2  
  90  13:22  Probe  
  93  13:27  Zealot  
  93  13:32  Probe  
  96  13:43  Zealot  
  96  13:44  Zealot  
Tags
 
Add a new tag
Caveats
  • Supply blocks, unpowered buildings, or Contaminate may cause inaccurate times.
  • Supply counts are checked every 10 seconds.